 Dungeon Crawl Stone Soup version 0.31-a0-1300-gb6740aa4e6 (webtiles) character file.

Game seed: 244730407179552831

422 Curundu the Slasher (level 6, -5/55 HPs)
             Began as a Minotaur Berserker on Dec 18, 2023.
             Was a Believer of Trog.
             Slain by Menkaure (14 damage)
             ... on level 5 of the Dungeon.
             The game lasted 00:12:36 (3537 turns).

Curundu the Slasher (Minotaur Berserker)            Turns: 3537, Time: 00:12:37

Health: -5/55      AC:  9    Str: 23    XL:     6   Next: 63%
Magic:  5/5        EV: 14    Int:  4    God:    Trog [**....]
Gold:   153        SH:  0    Dex: 10    Spells: 5/5 levels left

rFire   . . .        a - +0 falchion
rCold   + . .        (no shield)
rNeg    . . .        f - +0 chain mail
rPois   .            (helmet restricted)
rElec   .            (no cloak)
rCorr   .            (no gloves)
SInv    .            (no boots)
Will    ++...        (no amulet) Stlth
                     j - ring of protection from cold
HPRegen 1.29/turn    l - +5 ring of evasion
MPRegen 0.09/turn

%: no passive effects
@: strong-willed, regenerating
A: horns 2, retaliatory headbutt
a: Renounce Religion, Berserk, Trog's Hand


You were on level 5 of the Dungeon.
You worshipped Trog.
Trog was pleased with you.
You visited 1 branch of the dungeon, and saw 5 of its levels.

You collected 153 gold pieces.

Inventory:

Hand Weapons
 a - a +0 falchion (weapon)
 u - a +6 short sword of distortion
Armour
 b - a +0 animal skin
 f - a +0 chain mail (worn)
Jewellery
 j - a ring of protection from cold (left hand)
 l - a +5 ring of evasion (right hand)
Scrolls
 d - a scroll of vulnerability {unknown}
 g - 2 scrolls of identify
 h - a scroll of fog {unknown}
 k - a scroll of brand weapon {unknown}
 m - 5 scrolls of teleportation {unknown}
 p - 2 scrolls of noise {unknown}
 q - 2 scrolls of enchant weapon {unknown}
 s - a scroll of fear {unknown}
 w - a scroll of enchant armour {unknown}
Potions
 c - 2 potions of invisibility {unknown}
 e - 3 potions of curing {unknown}
 i - 3 potions of mutation {unknown}
 n - 3 potions of heal wounds {unknown}
 o - 2 potions of attraction {unknown}
 t - a potion of cancellation {unknown}
 v - a potion of degeneration {unknown}


   Skills:
 + Level 4.8 Fighting
 + Level 6.3 Long Blades
 + Level 0.4 Throwing
 + Level 5.3 Armour
 + Level 3.0 Dodging
 + Level 0.3 Stealth


You had 5 spell levels left.
You didn't know any spells.
Your spell library contained the following spells:

 Spells                   Type           Power      Damage    Failure   Level
 Apportation              Tloc           0%         N/A       97%         1
 Necrotise                Necr           0%         1d4       97%         1
 Summon Small Mammal      Summ           0%         N/A       97%         1
 Vampiric Draining        Necr           0%         2d6       100%        3
 Cause Fear               Hex            0%         N/A       100%        4
 Agony                    Necr           0%         N/A       100%        5
 Fireball                 Conj/Fire      0%         3d3       100%        5
 Dragon's Call            Summ           0%         N/A       100%        9


Dungeon Overview and Level Annotations

Branches:
Dungeon (5/15)             Temple (0/1) D:4

Altars:
Hepliaklqana
Makhleb
Ru
Wu Jian
Zin

Shops:
D:4 =

Annotations:
D:5 Menkaure


Innate Abilities, Weirdness & Mutations

You have a pair of horns on your head.
You reflexively headbutt those who attack you in melee.


Message History

Menkaure, Prince of Dust comes into view.
Throw: 3 darts (poison)
Press: ? - help, Q - select action, (/) - cycle Shift-Dir - straight line, f - Menkaure
Aim: Menkaure (71% to hit)
Okay, then.
Activating: Trog's Hand (0% risk of failure)
Press: ? - help, Q - select action, (/) - cycle Dir - look around, f - activate Your skin crawls.
You feel strong-willed.
Throw: 3 darts (poison)
Press: ? - help, Q - select action, (/) - cycle Shift-Dir - straight line, f - Menkaure
Aim: Menkaure (71% to hit)
You throw a poisoned dart. The poisoned dart hits Menkaure.
Throw: 2 darts (poison)
Press: ? - help, Q - select action, (/) - cycle Shift-Dir - straight line, f/p - Menkaure
Aim: Menkaure (71% to hit)
You throw a poisoned dart. The poisoned dart hits Menkaure.
Menkaure gestures wildly while chanting.
Menkaure seems to speed up.
You hear a shout!
Throw: dart (poison)
Press: ? - help, Q - select action, (/) - cycle Shift-Dir - straight line, f/p - Menkaure
Aim: Menkaure (fast, 71% to hit)
You throw a poisoned dart. The poisoned dart hits Menkaure.
Menkaure calls on the powers of darkness!
Your body is wracked with pain!
An orc comes into view. It is wielding a +0 club.
An orc wizard comes into view. It is wielding a +0 dagger.
Menkaure hits you!
You hit Menkaure but do no damage. Menkaure barely misses you.
You furiously retaliate!
You headbutt Menkaure! You hit Menkaure.
Menkaure is heavily damaged.
Menkaure breathes soot at you. Menkaure hits you!
* * * LOW HITPOINT WARNING * * *
You hit Menkaure but do no damage. Your headbutt misses Menkaure.
Menkaure is heavily damaged.
Menkaure hits you!
You die...

....# ###....#####.
.....###..####.....#
#.....## ##†...#
##...## #...## #...#
##..## ##...##
##.###
##.....####.## #
##..###..##.## #
#.@## ##....# ##
#.M## #...## ##.
#((# #...# ##.. #..#
#.#.#####... #oo#
#.##..#..... #..#
#####....... #..
#....... .. ##...#.#
####..#


You could see Menkaure (fast), an orc wizard and an orc.

Vanquished Creatures
  Duvessa (D:4)
  A scorpion (D:4)
  Dowan (D:4)
  Terence (D:2)
  8 adders
  3 gnolls (D:3)
  2 worms
  3 dart slugs
  15 ball pythons
  5 bats
  6 endoplasms
  4 giant cockroaches
  6 goblins
  6 hobgoblins
  2 quokkas (D:2)
  2 training dummies (D:4)
  A frilled lizard (D:3)
  3 kobolds
  7 rats
77 creatures vanquished.

Notes
Turn   | Place    | Note
-------+----------+-------------------------------------------
     0 | D:1      | Curundu the Minotaur Berserker began the quest for the Orb.
     0 | D:1      | Reached XP level 1. HP: 19/19 MP: 0/0
   260 | D:1      | Reached XP level 2. HP: 24/27 MP: 1/1
   554 | D:1      | Reached skill level 4 in Long Blades
   882 | D:2      | Reached ** piety under Trog
   883 | D:2      | Reached XP level 3. HP: 25/33 MP: 2/2
  1102 | D:2      | Noticed Terence
  1109 | D:2      | Killed Terence
  1110 | D:2      | Reached XP level 4. HP: 28/40 MP: 3/3
  1378 | D:2      | Reached skill level 5 in Long Blades
  1809 | D:3      | Found a hazy altar of Hepliaklqana.
  1859 | D:3      | Reached XP level 5. HP: 47/47 MP: 4/4
  1872 | D:3      | Found a sacrificial altar of Ru.
  1888 | D:3      | Found a glowing silver altar of Zin.
  1934 | D:3      | Found a burning altar of Makhleb.
  2373 | D:4      | Reached *** piety under Trog
  2464 | D:4      | Found an ornate altar of the Wu Jian Council.
  2481 | D:4      | Noticed a spectral centipede
  2481 | D:4      | Noticed a spectral black mamba
  2481 | D:4      | Noticed a spectral cane toad
  2580 | D:4      | Found a staircase to the Ecumenical Temple.
  2677 | D:4      | Reached XP level 6. HP: 53/53 MP: 5/5
  2853 | D:4      | Found Irhemoiv's Jewellery Boutique.
  2900 | D:4      | Noticed Duvessa
  2900 | D:4      | Noticed Dowan
  2922 | D:4      | Killed Duvessa
  2923 | D:4      | Reached skill level 6 in Long Blades
  2923 | D:4      | Reached skill level 5 in Armour
  2929 | D:4      | Killed Dowan
  3343 | D:5      | Entered Level 5 of the Dungeon
  3528 | D:5      | Noticed Menkaure
  3537 | D:5      | Slain by Menkaure

Illustrated notes

Levels and vault maps discovered:
D:1:      dpeg_arrival_rhombi, layout_basic
D:2:      layout_basic, st_stairs_9, minmay_snake_closets, uniq_terence
D:3:      layout_rooms, mainiacjoe_overflow_tiny_flanked,
          nicolae_overflow_hidden_temple, mainiacjoe_overflow_small_starburst,
          st_stairs_4, hangedman_decor_opposing
D:4:      dreamdust_elfheim, layout_cave_pools,
          pdpol_wu_jian_five_deadly_venoms, minmay_temple_entry_wispy,
          serial_shops, nicolae_shop_rolling_square, serial_bayou,
          serial_bayou_ford_a, serial_bayou_lagoon_a, serial_bayou_crossing,
          serial_bayou_lake_a, serial_bayou_pond_a
D:5:      layout_layer_cave, kennysheep_decorative_pillar, uniq_menkaure

Skill      XL: |  1  2  3  4  5  6 |
---------------+-------------------+-----
Fighting       | 4 |  4.8
Long Blades    | 4 5 6 |  6.3
Armour         | 3 4 5 |  5.3
Dodging        | 3 |  3.0
Throwing       | |  0.4
Stealth        | |  0.3

Action                     |  1- 3 |  4- 6 || total
---------------------------+-------+-------++-------
  Melee: Falchion          |    67 |   132 ||   199
         Headbutt          |     4 |    19 ||    23
         Punch             |     1 |     2 ||     3
  Throw: Dart              |       |    11 ||    11
 Invoke: Trog's Hand       |       |     1 ||     1
    Use: Scroll            |       |     2 ||     2
 Armour: Chain mail        |    52 |    61 ||   113
         Animal skin       |     3 |       ||     3
  Dodge: Dodged            |    47 |    87 ||   134

Table legend: (Time is in decaauts)
 A = Elapsed time spent in this place.
 B = Non-inter-level travel time spent in this place.
 C = Inter-level travel time spent in this place.
 D = Time resting spent in this place.
 E = Time spent auto-exploring this place.
 F = Levels seen in this place.
 G = Mean time per level.
                   A        B        C        D        E       F      G
               +--------+--------+--------+--------+--------+-----+--------+
         Total |   3584 |   3584 |      0 |    223 |   2527 |   5 |  716.8 |
       Dungeon |   3584 |   3584 |      0 |    223 |   2527 |   5 |  716.8 |
               +--------+--------+--------+--------+--------+-----+--------+

Top non-repeatable levels by time:
     D:4: 1034 daAuts
     D:2: 915 daAuts
     D:1: 866 daAuts
     D:3: 574 daAuts
     D:5: 193 daAuts
